 Dungeon Sprint DCSS version 0.26-a0-651-gb41185065b (webtiles) character file.

Game seed: 1690303155150734674

434 Conn the Fighter (level 6, -7/66 HPs)
             Began as a Draconian Abyssal Knight on Sept 28, 2020.
             Was a Believer of Lugonu.
             Mangled by a slime creature (12 damage)
             ... in the Dungeon (Sprint I: "Red Sonja").
             The game lasted 00:04:59 (781 turns).

Conn the Fighter (Draconian Abyssal Knight)          Turns: 781, Time: 00:05:00

Health: -7/66      AC:  6    Str: 17    XL:     6   Next: 68%
Magic:  9/9        EV: 15    Int: 12    God:    Lugonu [**....]
Gold:   318        SH:  0    Dex: 10    Spells: 5/5 levels left

rFire    . . .     SeeInvis .     - Unarmed
rCold    . . .     Faith    .   (no shield)
rNeg     . . .     Spirit   .   (armour unavailable)
rPois    .         Reflect  .   (helmet restricted)
rElec    .         Harm     .   (no cloak)
rCorr    .         Rampage  .   (no gloves)
MR       .....     NoTele   +   (no boots)
Stlth    ++........             (no amulet)
HPRegen  0.21/turn              (no ring)
MPRegen  0.11/turn              (no ring)

@: no status effects
A: unfitting armour, cold-blooded, AC +6
a: Bend Space, Renounce Religion


You were in the Dungeon.
You worshipped Lugonu.
Lugonu was pleased with you.
You visited 1 branch You collected 318 gold pieces.

Inventory:

Scrolls
 f - a scroll of blinking
Potions
 a - a potion of curing
 c - a potion of stabbing {unknown}
 d - 2 potions of magic


   Skills:
 + Level 10.3 Fighting
 + Level 7.2 Dodging
 + Level 2.1 Stealth
 + Level 7.6 Unarmed Combat
 + Level 4.0 Invocations


You had 5 spell levels left.
You didn't know any spells.
Your spell library was empty.

Dungeon Overview and Level Annotations

Branches:
Dungeon (1/1)

Altars:
Cheibriados
Dithmenos
Elyvilon
Fedhas
Gozag
Hepliaklqana
Kikubaaqudgha
Makhleb
Nemelex Xobeh
Okawaru
Qazlal
Ru
Sif Muna
Trog
Uskayaw
Vehumet
Wu Jian
Xom
Yredelemnul
Zin
The Shining One
Jiyva
Lugonu

Shops:
D }


Innate Abilities, Weirdness & Mutations

Your plain brown scales are hard. (AC +6)
You cannot fit into any form of body armour.
You are cold-blooded and may be slowed by cold attacks.


Message History

You hit the slime creature.
The slime creature is severely wounded.
The slime creature hits you!
You hit the slime creature.
The slime creature is severely wounded.
The slime creature hits you!!
* * * LOW HITPOINT WARNING * * *
You feel much better. The slime creature closely misses you.
You punch the slime creature!
Your tail-slap misses the slime creature.
The slime creature is almost dead.
The slime creature closely misses you.
You hit the slime creature.
The slime creature is almost dead.
The slime creature hits you!!
* * * LOW HITPOINT WARNING * * *
You hit the slime creature.
The slime creature is almost dead.
The slime creature hits you!
You die...

################ ##
#<.#..'..#..'@J#__#
#..[).#..').#..'..+
#..#####'#####'#__#
#..####..#...#.# ##
#..#__####..##.#
#..#_____##'#_.+
#⌠⌠#_.∩...†..._#
####_..__##_.#'#
#_____###+#.#


You could see a slime creature.

Vanquished Creatures
  Sigmund (D)
  A yak (D)
  An ogre (D)
  A jelly (D)
  Ijyb (D)
5 creatures vanquished.

Notes
Turn   | Place    | Note
-------+----------+-------------------------------------------
     0 | D        | Conn the Draconian Abyssal Knight began the quest for the
                  | Orb.
     0 | D        | Reached XP level 1. HP: 19/19 MP: 2/2
     1 | D        | Noticed Ijyb
    50 | D        | Killed Ijyb
    50 | D        | Reached skill level 5 in Fighting
    50 | D        | Reached XP level 2. HP: 13/29 MP: 3/3
   222 | D        | Noticed an ogre
   233 | D        | Killed an ogre
   233 | D        | Reached ** piety under Lugonu
   233 | D        | Reached skill level 7 in Fighting
   233 | D        | Reached XP level 3. HP: 13/39 MP: 3/5
   233 | D        | Reached XP level 4. HP: 16/47 MP: 3/6
   486 | D        | Noticed Sigmund
   507 | D        | Killed Sigmund
   507 | D        | Reached skill level 9 in Fighting
   507 | D        | Reached skill level 1 in Stealth
   507 | D        | Reached XP level 5. HP: 46/57 MP: 7/7
   507 | D        | Reached XP level 6. HP: 51/63 MP: 8/8
   574 | D        | Found an ornate altar of the Wu Jian Council.
   574 | D        | Found a shimmering blue altar of Sif Muna.
   576 | D        | Found a radiant altar of Vehumet.
   612 | D        | Found Plog's Gadget Emporium.
   612 | D        | Found an ancient bone altar of Kikubaaqudgha.
   612 | D        | Found a hazy altar of Hepliaklqana.
   612 | D        | Found a stormy altar of Qazlal.
   612 | D        | Found a hide-covered altar of Uskayaw.
   612 | D        | Found a blossoming altar of Fedhas.
   612 | D        | Found a bloodstained altar of Trog.
   612 | D        | Found an iron altar of Okawaru.
   612 | D        | Found a basalt altar of Yredelemnul.
   612 | D        | Found a glowing golden altar of the Shining One.
   612 | D        | Found a snail-covered altar of Cheibriados.
   612 | D        | Found a sacrificial altar of Ru.
   612 | D        | Found a glowing silver altar of Zin.
   612 | D        | Found a shadowy altar of Dithmenos.
   612 | D        | Found a white marble altar of Elyvilon.
   612 | D        | Noticed a yak
   624 | D        | Killed a yak
   624 | D        | Reached skill level 10 in Fighting
   625 | D        | Found an opulent altar of Gozag.
   626 | D        | Found a sparkling altar of Nemelex Xobeh.
   763 | D        | Found a burning altar of Makhleb.
   763 | D        | Found a viscous altar of Jiyva.
   763 | D        | Found a shimmering altar of Xom.
   763 | D        | Found a corrupted altar of Lugonu.
   763 | D        | Noticed a slime creature
   781 | D        | Mangled by a slime creature

Illustrated notes

Levels and vault maps discovered:
D:        dungeon_sprint_1 [red_sonja_temple_1, red_sonja_temple_small_1]

Skill      XL: |  1  2  3  4  5  6 |
---------------+-------------------+-----
Fighting       | 5 7 9 10 | 10.3
Dodging        | 3 4 6 7 |  7.2
Unarmed Combat | 3 4 6 7 |  7.6
Stealth        | 1 2 |  2.1
Invocations    | 3 4 |  4.0

Action                   |  1- 3 |  4- 6 || total
-------------------------+-------+-------++-------
Melee: Unarmed           |    54 |    45 ||    99
       Tailslap          |     5 |     9 ||    14
       Punch             |       |     1 ||     1
Invok: Bend Space        |       |     1 ||     1
  Use: Potion            |     2 |     1 ||     3
Armor: Skin              |    15 |     3 ||    18
Dodge: Dodged            |    23 |    24 ||    47

Table legend: (Time is in decaauts)
 A = Elapsed time spent in this place.
 B = Non-inter-level travel time spent in this place.
 C = Inter-level travel time spent in this place.
 D = Time resting spent in this place.
 E = Time spent auto-exploring this place.
 F = Levels seen in this place.
 G = Mean time per level.
                   A        B        C        D        E       F      G
               +--------+--------+--------+--------+--------+-----+--------+
         Total |    770 |    770 |      0 |    580 |      0 |   1 |  770.0 |
       Dungeon |    770 |    770 |      0 |    580 |      0 |   1 |  770.0 |
               +--------+--------+--------+--------+--------+-----+--------+

Top non-repeatable levels by time:
       D: 770 daAuts
